 Dungeon Crawl Stone Soup version 0.32-a0-643-ga006e7742e (webtiles) character file.

Game seed: 9102804350032832398

105 CougarLife the Digger (level 4, -1/24 HPs)
             Began as a Gargoyle Earth Elementalist on Mar 7, 2024.
             Slain by an adder (4 damage)
             ... on level 3 of the Dungeon.
             The game lasted 00:01:35 (2202 turns).

CougarLife the Digger (Gargoyle Earth Elementalist) Turns: 2202, Time: 00:01:36

Health: -1/24      AC:  5    Str: 11    XL:     4   Next: 83%
Magic:  2/8        EV: 11    Int: 18    God:
Gold:   140        SH:  0    Dex: 10    Spells: 5/9 levels left

rFire   . . .        g - +0 dagger
rCold   . . .        (no shield)
rNeg    + . .        a - +0 robe
rPois   ∞            (no helmet)
rElec   +            (no cloak)
rCorr   .            (no gloves)
SInv    .            (no boots)
Will    .....        (no amulet)
Stlth   ++           (no ring)
HPRegen 0.24/turn    (no ring)
MPRegen 0.11/turn

%: no passive effects
@: very slightly contaminated
A: sickness immunity, AC +3, negative energy resistance 1, electricity
resistance, torment resistance 1, petrification resistance
a: Convert to Beogh


You were on level 3 of the Dungeon.
You visited 1 branch of the dungeon, and saw 3 of its levels.

You collected 140 gold pieces.

Inventory:

Hand Weapons
 g - a +0 dagger (weapon)
Armour
 a - a +0 robe (worn)
Wands
 k - a wand of iceblast (9)
Scrolls
 c - 2 scrolls of identify {unknown}
 h - a scroll of enchant armour {unknown}
Potions
 b - a potion of magic
 d - 4 potions of haste {unknown}
 e - 2 potions of curing {unknown}
 f - a potion of ambrosia {unknown}
 i - a potion of resistance {unknown}
 j - 2 potions of heal wounds {unknown}
 l - a potion of might {unknown}


   Skills:
 - Level 1.5 Dodging
 - Level 2.1 Stealth
 + Level 3.0 Spellcasting
 + Level 2.8 Conjurations
 + Level 4.7 Earth Magic


You had 5 spell levels left.
You knew the following spells:

 Your Spells              Type           Power      Damage    Failure   Level
a - Sandblast             Erth           38%        2d10      2%          1
b - Stone Arrow           Conj/Erth      32%        3d9       10%         3

Your spell library contained the following spells:

 Spells                   Type           Power      Damage    Failure   Level
 Passwall                 Erth           19%        N/A       7%          3
 Brom's Barrelling Bould  Conj/Erth      16%        2d4       32%         4
 Petrify                  Alch/Erth      11%        N/A       52%         4


Dungeon Overview and Level Annotations

Branches:
Dungeon (3/15)

Altars:


Innate Abilities, Weirdness & Mutations

You are immune to sickness and miasma.
Your stone body is resilient. (AC +3)
You are immune to poison.
You resist negative energy. (rN+)
You are resistant to electric shocks. (rElec)
You are resistant to unholy torment.
You are immune to petrification.


Message History

The blast of sand misses the orc.
The blast of sand hits the adder.
The adder is severely wounded.
The orc misses you.
Casting: Sandblast (safe; 2% risk of failure)
Confirm with . or Enter, or press ? or * to list all spells.
Aiming: Stone Arrow (quite dangerous; 10% risk of failure)
Press: ? - help, Shift-Dir - straight line, f - orc priest, p - orc
Aim: an orc priest, wielding a +0 hand axe (68% to hit)
You miscast Stone Arrow.
You are very lightly contaminated with residual magic.
Nothing appears to happen.
The adder bites you but does no damage. The orc hits you with a +0 club.
Casting: Stone Arrow (quite dangerous; 10% risk of failure)
Confirm with . or Enter, or press ? or * to list all spells.
You don't have enough magic to cast this spell.
Unknown command.
Casting: Stone Arrow (quite dangerous; 10% risk of failure)
Confirm with . or Enter, or press ? or * to list all spells.
Aiming: Sandblast (safe; 2% risk of failure)
Press: ? - help, Shift-Dir - straight line, f/p - orc priest
Aim: an orc priest, wielding a +0 hand axe (82% to hit)
The blast of sand hits the orc priest!
The orc priest is severely wounded.
The adder barely misses you. The orc hits you with a +0 club.
The orc priest hits you but does no damage.
The adder closely misses you.
The orc priest hits you with a +0 hand axe.
The orc closely misses you.
The orc priest calls down the wrath of Beogh upon you.
Beogh smites you!
* * * LOW HITPOINT WARNING * * *
The adder closely misses you.
Found a chain mail.
The adder attacks as it pursues you! The adder bites you but does no damage.
You see here a +0 leather armour.
The adder bites you but does no damage. The adder attacks as it pursues you!
The adder misses you. The quokka closely misses you.
The adder attacks as it pursues you! The adder bites you.
You die...

.~~~~≈.~.....#..............
..P~~~...#....#...>.........
...≈~~~.####..#.............
..~.≈~..# ##...............
..P≈~~.### #...)...........
~≈≈~.. .. #...............
≈≈~ #. ###.............
≈≈≈~.#.###..............
≈≈~....@Sroo.........#.#
≈≈~...#...o..........#.#
≈≈~P....#.#.o........#.#
P≈≈P...##.##...........#
P≈≈.... ..##.......# ##.
~≈≈P.#...###.##.###.
~≈≈~.##.. #)# ... ≈≈# .[.
#.# ..... #.. ..?


You could see an orc priest, an adder, 3 orcs and a quokka.

Vanquished Creatures
  An orc wizard (D:3)
  An adder (D:2)
  2 ribbon worms (D:2)
  6 orcs (D:3)
  7 bats
  9 endoplasms
  3 giant cockroaches
  7 goblins
  A hobgoblin (D:3)
  2 jackals (D:2)
  3 quokkas
  3 ball pythons
  3 frilled lizards
  3 kobolds
  6 rats
57 creatures vanquished.

Notes
Turn   | Place    | Note
-------+----------+-------------------------------------------
     0 | D:1      | CougarLife the Gargoyle Earth Elementalist began the quest
                  | for the Orb.
     0 | D:1      | Reached XP level 1. HP: 10/10 MP: 3/3
   184 | D:1      | Reached XP level 2. HP: 15/15 MP: 3/5
   538 | D:1      | Reached skill level 4 in Earth Magic
   906 | D:2      | Reached XP level 3. HP: 19/19 MP: 4/6
   961 | D:2      | Found a faded altar of an unknown god.
  1870 | D:2      | Reached XP level 4. HP: 15/24 MP: 6/8
  2012 | D:3      | Learned a level 3 spell: Stone Arrow
  2202 | D:3      | Slain by an adder

Illustrated notes

Levels and vault maps discovered:
D:1:      dpeg_arrival_prison, layout_basic
D:2:      layout_loops_ring, basic_ecumenical_altar, nicolae_the_louvre
D:3:      layout_rooms, gammafunk_temple_overflow_statue, chequers_big_river,
          dreamdust_princess_corridor

Skill      XL: |  1  2  3  4 |
---------------+-------------+-----
Earth Magic    | 4 |  4.7
Conjurations   | 2 |  2.8
Spellcasting   | 3 |  3.0
Dodging        | |  1.5
Stealth        | |  2.1

Action                     |  1- 3 |  4- 6 || total
---------------------------+-------+-------++-------
  Melee: Unarmed           |     4 |       ||     4
         Dagger            |     8 |       ||     8
   Cast: Sandblast         |    52 |    22 ||    74
         Stone Arrow       |       |     1 ||     1
 Armour: Robe              |    32 |    22 ||    54
  Dodge: Dodged            |    20 |    15 ||    35

Table legend: (Time is in decaauts)
 A = Elapsed time spent in this place.
 B = Non-inter-level travel time spent in this place.
 C = Inter-level travel time spent in this place.
 D = Time resting spent in this place.
 E = Time spent auto-exploring this place.
 F = Levels seen in this place.
 G = Mean time per level.
                   A        B        C        D        E       F      G
               +--------+--------+--------+--------+--------+-----+--------+
         Total |   2240 |   2171 |     69 |    198 |   1657 |   3 |  746.7 |
       Dungeon |   2240 |   2171 |     69 |    198 |   1657 |   3 |  746.7 |
               +--------+--------+--------+--------+--------+-----+--------+

Top non-repeatable levels by time:
     D:2: 1136 daAuts
     D:1: 829 daAuts
     D:3: 274 daAuts
